 Dungeon Crawl Stone Soup version 0.29-a0-2-g12fcac58f8 (webtiles) character file.

Game seed: 15566120031545672896

263 siradein the Chiller (level 6, -1/35 HPs)
             Began as a Gargoyle Ice Elementalist on Jan 27, 2022.
             Blown up by an orc (8 damage)
             ... with a mindburst bolt
             ... on level 4 of the Dungeon.
             The game lasted 00:10:36 (4468 turns).

siradein the Chiller (Gargoyle Ice Elementalist)    Turns: 4468, Time: 00:10:36

Health: -1/35      AC:  8    Str: 17    XL:     6   Next: 19%
Magic:  3/3        EV: 11    Int: 18    God:
Gold:   148        SH:  0    Dex: 14    Spells: 5/12 levels left

rFire   . . .      SeeInvis .   j - +5 whip of Eternity {antimagic, rElec Dex+4}
rCold   . . .      Faith    .   (no shield)
rNeg    + . .      Spirit   .   l - +1 leather armour {rPois}
rPois   ∞          Reflect  .   (no helmet)
rElec   +          Harm     .   (no cloak)
rCorr   .          Rampage  .   (no gloves)
Will    .....                   (no boots)
Stlth   ++........              (no amulet)
HPRegen 0.11/turn               a - +6 ring of strength
MPRegen 0.08/turn               (no ring)

@: no status effects
A: sickness immunity, AC +4, negative energy resistance 1, electricity
resistance, torment resistance 1, petrification resistance
a: no special abilities


You were on level 4 of the Dungeon.
You visited 1 branch of the dungeon, and saw 4 of its levels.

You collected 148 gold pieces.

Inventory:

Hand Weapons
 j - the +5 whip of Eternity (weapon) {antimagic, rElec Dex+4}
   (You found it on level 2 of the Dungeon)

   It reduces the magical energy of the wielder, and disrupts the spells and
   magical abilities of those it strikes.
   Natural abilities and divine invocations are not affected.
   Dex:       It affects your dexterity (+4).
   rElec:     It insulates you from electricity.
Missiles
 n - 8 poisoned darts
Armour
 l - a +1 leather armour of poison resistance (worn)
Jewellery
 a - a +6 ring of strength (left hand)
Wands
 c - a wand of polymorph (6)
Scrolls
 f - a scroll of fog {unknown}
 h - 2 scrolls of teleportation {unknown}
 i - 2 scrolls of identify {unknown}
 k - a scroll of enchant weapon {unknown}
 m - a scroll of blinking {unknown}
Potions
 b - 2 potions of curing {unknown}
 d - a potion of invisibility {unknown}
 e - a potion of brilliance {unknown}
 g - a potion of degeneration {unknown}


   Skills:
 + Level 1.8 Fighting
 + Level 1.7 Armour
 - Level 1.5 Dodging
 - Level 2.1 Stealth
 + Level 3.9 Spellcasting
 + Level 5.5 Ice Magic


You had 5 spell levels left.
You knew the following spells:

 Your Spells              Type           Power      Damage    Failure   Level
a - Freeze                Ice            92%        1d10      1%          1
b - Frozen Ramparts       Ice            46%        1d6       5%          3
c - Ozocubu's Armour      Ice            23%        N/A       5%          3

Your spell library contained the following spells:

 Spells                   Type           Power      Damage    Failure   Level
 Sandblast                Erth           6%         2d5       19%         1
 Passwall                 Tmut/Erth      2%         N/A       26%         2
 Stone Arrow              Conj/Erth      6%         3d7       47%         3
 Hailstorm                Conj/Ice       13%        3d5       50%         4


Dungeon Overview and Level Annotations

Branches:
Dungeon (4/15)
 Temple: D:4-7

Altars:
Trog


Innate Abilities, Weirdness & Mutations

You are immune to sickness and miasma.
Your stone body is resilient. (AC +4)
You are immune to poison.
You resist negative energy. (rN+)
You are resistant to electric shocks. (rElec)
You are resistant to unholy torment.
You are immune to petrification.


Message History

You hear a shout!
No target in view!
No target in view!
A gnoll is nearby!
A gnoll is nearby!
A gnoll is nearby!
The gnoll shouts!
Items here: )))) [ †.
You barely miss the gnoll. The gnoll hits you but does no damage.
An orc wizard comes into view.
It is wielding a +1 dagger of electrocution.
You closely miss the gnoll. The gnoll hits you but does no damage.
You whack the gnoll!
The gnoll is severely wounded.
The gnoll zaps a wand.
You resist with some effort.
The gnoll zaps a wand.
You resist with some effort.
You hit the gnoll.
You kill the gnoll!
The orc wizard gestures wildly while chanting.
The orc wizard flickers and vanishes!
Deactivating autopickup; reactivate with Ctrl-A.
No target in view!
No target in view!
Something completely misses you.
Items here: $ ) / ? †.
You completely miss something. Something hits you but does no damage.
You barely miss something. Something hits you but does no damage.
You hit something.
An orc comes into view.
It is wielding a +0 dagger and carrying a wand of mindburst (8).
The orc shouts!
You hit something. Something hits you.
You barely miss something. Your punch misses something.
The orc zaps a wand.
You barely resist. Something hits you but does no damage.
You miss something.
The orc zaps a wand.
Your mind is blasted!
Something hits you but does no damage.
You miss something.
The orc zaps a wand.
Your mind is blasted!
* * * LOW HITPOINT WARNING * * *
Something hits you.
* * * LOW HITPOINT WARNING * * *
You barely miss something.
The orc zaps a wand.
Your mind is blasted!
You die...

..... #. ..# .. ....##
#.##.#. .. ....#
..#.#. ..
......###.#.#. #. #..
........ #. #.#
##...... ####. ##.#
###.....#.
#....###..###...#.....
#{@))o.....#####)#.
#.####.##### #†#. #.
#.# #<#. .. ..# #...
... ..## #####... ....
... .........
######### ######...
####


You could see an orc.

Vanquished Creatures
  A necrophage (D:4)
  A jelly (D:3)
  An orc priest (D:4)
  2 adders (D:2)
  3 gnolls
  A worm (D:2)
  10 orcs
  2 ball pythons
  4 bats
  2 endoplasms
  A giant cockroach (D:1)
  3 goblins
  5 hobgoblins
  3 jackals
  8 kobolds
  A quokka (D:2)
  5 frilled lizards
  11 rats
64 creatures vanquished.

Vanquished Creatures (others)
  3 plants
3 creatures vanquished.

Grand Total: 67 creatures vanquished

Notes
Turn   | Place    | Note
-------+----------+-------------------------------------------
     0 | D:1      | siradein the Gargoyle Ice Elementalist began the quest for
                  | the Orb.
     0 | D:1      | Reached XP level 1. HP: 10/10 MP: 3/3
   438 | D:1      | Reached XP level 2. HP: 15/15 MP: 5/5
  1397 | D:2      | Reached XP level 3. HP: 18/19 MP: 4/6
  1404 | D:2      | Learned a level 3 spell: Frozen Ramparts
  1408 | D:2      | Learned a level 3 spell: Ozocubu's Armour
  1926 | D:2      | Identified the +5 whip of Eternity {antimagic, rElec Dex+4}
  1933 | D:2      | Found a faded altar of an unknown god.
  2299 | D:2      | Reached XP level 4. HP: 13/24 MP: 2/8
  2732 | D:3      | Reached skill level 5 in Ice Magic
  3072 | D:3      | Found a bloodstained altar of Trog.
  3841 | D:3      | Reached XP level 5. HP: 12/28 MP: 1/10
  4168 | D:4      | Reached skill level 1 in Fighting
  4295 | D:4      | Noticed a necrophage
  4307 | D:4      | Killed a necrophage
  4308 | D:4      | Reached skill level 1 in Armour
  4308 | D:4      | Reached XP level 6. HP: 26/35 MP: 3/11
  4468 | D:4      | Blown up by an orc

Illustrated notes

Levels and vault maps discovered:
D:1:      saegor_arrival_simple_e, layout_loops_corners, serial_bayou_lagoon_b
D:2:      cheibrodos_old_hovel, layout_loops_ring,
          hellmonk_ecumenical_altar_arch_garden, grunt_ministairs_10
D:3:      layout_basic, mainiacjoe_overflow_chevrons
D:4:      layout_rooms, minmay_temple_entry_statues_pillars, serial_shops,
          kennysheep_mini

Skill      XL: |  1  2  3  4  5 |
---------------+----------------+-----
Spellcasting   | 3 |  3.9
Ice Magic      | 5 |  5.5
Fighting       | 1 |  1.8
Armour         | 1 |  1.7
Dodging        | |  1.5
Stealth        | |  2.1

Action                   |  1- 3 |  4- 6 || total
-------------------------+-------+-------++-------
Melee: Unarmed           |    13 |       ||    13
       Dagger            |     6 |       ||     6
       Short sword       |    39 |       ||    39
       Punch             |     1 |       ||     1
       Whip              |    24 |    70 ||    94
 Cast: Freeze            |    27 |     6 ||    33
       Frozen Ramparts   |       |     1 ||     1
 Stab: Sleeping          |     2 |       ||     2
Armor: Robe              |    39 |    13 ||    52
       Leather armour    |       |    17 ||    17
Dodge: Dodged            |    66 |    32 ||    98

Table legend: (Time is in decaauts)
 A = Elapsed time spent in this place.
 B = Non-inter-level travel time spent in this place.
 C = Inter-level travel time spent in this place.
 D = Time resting spent in this place.
 E = Time spent auto-exploring this place.
 F = Levels seen in this place.
 G = Mean time per level.
                   A        B        C        D        E       F      G
               +--------+--------+--------+--------+--------+-----+--------+
         Total |   4513 |   4428 |     85 |    712 |   2921 |   4 | 1128.2 |
       Dungeon |   4513 |   4428 |     85 |    712 |   2921 |   4 | 1128.2 |
               +--------+--------+--------+--------+--------+-----+--------+

Top non-repeatable levels by time:
     D:3: 1549 daAuts
     D:1: 1414 daAuts
     D:2: 1209 daAuts
     D:4: 340 daAuts
